 Dungeon Crawl Stone Soup version 0.28-a0-973-ga7f8b01127 (webtiles) character file.

Game seed: 13241213027455722518

1610844 jt the Messiah (level 27, 241/273 HPs)
             Began as a Hill Orc Fighter on Dec 1, 2021.
             Was the Champion of Beogh.
             Escaped with the Orb
             ... and 3 runes on Dec 4, 2021!
             The game lasted 06:03:55 (75460 turns).

jt the Messiah (Hill Orc Fighter)                  Turns: 75460, Time: 06:03:55

Health: 241/273    AC: 40    Str: 35    XL:     27
Magic:  49/49      EV: 15    Int: 12    God:    Beogh [******]
Gold:   4094       SH: 19    Dex: 16    Spells: 26/26 levels left

rFire   + . .      SeeInvis +   m - +8 mithril axe "Arga" {speed, Will+}
rCold   + . .      Faith    .   p - +0 kite shield "Juwilapp" {rC+ Str+3}
rNeg    + . .      Spirit   .   k - +8 chain mail of the Tormentor {Will++ Dex+4 Stlth-}
rPois   +          Reflect  +   W - +3 crown of Dyrovepreva {rElec Int+2 SInv}
rElec   +          Harm     .   b - +0 cloak of Circular Logic {MP+9 Str+5}
rCorr   +          Rampage  ∞   P - +2 pair of gloves {Stlth+}
Will    +++++                   c - +3 pair of seven-league boots {Rampage+∞}
Stlth   ..........              Q - amulet of Creativity {Reflect +Blink SH+5}
HPRegen 0.55/turn               F - ring of Myprei {rF+ Str+2 Slay+3 Stlth+}
MPRegen 0.31/turn               X - ring "Ywofiw" {Drain rPois rN+ Will+ rCorr}

@: studying 2 skills
A: walk on water, weak 2
0: Orb of Zot
}: 3/15 runes: barnacled, silver, gossamer
a: Renounce Religion, Evoke Blink, Smiting, Recall Orcish Followers, Give Item
to Named Follower, Resurrection


You escaped.
You worshipped Beogh.
Beogh was exalted by your worship.
You visited 11 branches of the dungeon, and saw 52 of its levels.
You visited 1 bazaar.
You also visited: Trove, Ossuary, Bailey, Gauntlet, Ice Cave, Volcano, Wizlab and Desolation.

You collected 9204 gold pieces.
You spent 5110 gold pieces at shops.

Inventory:

Hand Weapons
 m - the +8 mithril axe "Arga" (weapon) {speed, Will+}
   (You found it in a treasure trove)

   Attacks with this weapon are significantly faster.
   Will:      It increases your willpower.
 S - a +1 bardiche of flaming
Missiles
 s - 10 curare-tipped darts (quivered)
 U - 14 throwing nets
Armour
 b - the +0 cloak of Circular Logic (worn) {MP+9 Str+5}
   (You bought it in a shop in a bazaar)

   Str:       It affects your strength (+5).
   MP:        It affects your magic capacity (+9).
 c - the +3 pair of seven-league boots (worn) {Rampage+∞}
   (You found it in a Gauntlet)

   Its wearer moves as far as possible in that direction when moving towards
   enemies.
 d - a scarf of resistance
 k - the +8 chain mail of the Tormentor (worn) {Will++ Dex+4 Stlth-}
   (You found it on level 3 of the Elven Halls)

   Dex:       It affects your dexterity (+4).
   Will:      It greatly increases your willpower.
   Stlth:     It makes you less stealthy.
 p - the +0 kite shield "Juwilapp" (worn) {rC+ Str+3}
   (You bought it in a shop on level 5 of the Vaults)

   Str:       It affects your strength (+3).
   rC:        It protects you from cold.
 P - a +2 pair of gloves of stealth (worn)
 W - the +3 crown of Dyrovepreva (worn) {rElec Int+2 SInv}
   (You found it in a Gauntlet)

   Int:       It affects your intelligence (+2).
   rElec:     It insulates you from electricity.
   SInv:      It lets you see invisible.
Jewellery
 o - the amulet "Efy Onge" {Reflect rN+++ Str-5 Slay+5 SH+5 Stlth+}
   (You found it in a treasure trove)

   [amulet of reflection]

   It reflects blocked missile attacks.
   Str:       It affects your strength (-5).
   Slay:      It affects your accuracy & damage with ranged weapons and melee
   (+5).
   rN:        It renders you almost immune to negative energy.
   SH:        It affects your SH (+5).
   Stlth:     It makes you more stealthy.
 F - the ring of Myprei (left hand) {rF+ Str+2 Slay+3 Stlth+}
   (You took it off a deep elf annihilator on level 3 of the Elven Halls)

   [ring of protection from fire]

   Str:       It affects your strength (+2).
   Slay:      It affects your accuracy & damage with ranged weapons and melee
   (+3).
   rF:        It protects you from fire.
   Stlth:     It makes you more stealthy.
 Q - the amulet of Creativity (around neck) {Reflect +Blink SH+5}
   (You found it on level 3 of the Elven Halls)

   [amulet of reflection]

   It reflects blocked missile attacks.
   +Blink:    It lets you blink.
   SH:        It affects your SH (+5).
 X - the ring "Ywofiw" (right hand) {Drain rPois rN+ Will+ rCorr}
   (You found it in the Desolation of Salt)

   [ring of resist corrosion]

   rPois:     It protects you from poison.
   rN:        It protects you from negative energy.
   rCorr:     It protects you from acid and corrosion.
   Drain:     It drains your maximum health when unequipped.
   Will:      It increases your willpower.
Wands
 n - a wand of iceblast (19)
 v - a wand of acid (16)
 x - a wand of paralysis (21)
 C - a wand of charming (9)
 E - a wand of polymorph (8)
 T - a wand of flame (75)
 Z - a wand of digging (10)
Scrolls
 f - 3 scrolls of summoning
 g - 12 scrolls of teleportation
 r - 4 scrolls of silence
 t - 5 scrolls of holy word
 A - a scroll of blinking
 B - 7 scrolls of fear
 K - 11 scrolls of fog
Potions
 h - 4 potions of berserk rage
 q - 15 potions of curing
 w - 7 potions of flight
 G - 6 potions of ambrosia
 H - 3 potions of cancellation
 J - a potion of heal wounds
 L - 5 potions of might
 N - 7 potions of resistance
Miscellaneous
 a - a lightning rod (4/4)
 i - a phantom mirror
 l - a box of beasts
 u - a phial of floods
 z - a box of beasts
 M - a piece from Xom's chessboard (15/15)
 O - a condenser vane (inert)
 R - a phial of floods
 V - a tin of tremorstones (1/2)
 Y - a lightning rod (4/4)


   Skills:
 O Level 27 Fighting
 + Level 20.5 Axes
 - Level 6.0 Throwing
 O Level 27 Armour
 + Level 9.3 Dodging
 + Level 17.2 Shields
 O Level 27 Invocations
 + Level 13.3 Evocations


You had 26 spell levels left.
You didn't know any spells.
Your spell library contained the following spells:

 Spells                   Type           Power      Damage    Failure   Level
 Foxfire                  Conj/Fire      0%         2x1d4     52%         1
 Freeze                   Ice            0%         1d3       52%         1
 Magic Dart               Conj           0%         1d3       52%         1
 Pain                     Necr           0%         1d4       52%         1
 Shock                    Conj/Air       0%         1d3       52%         1
 Call Imp                 Summ           0%         N/A       65%         2
 Passwall                 Tmut/Erth      0%         N/A       65%         2
 Searing Ray              Conj           0%         2d4       65%         2
 Static Discharge         Conj/Air       0%         N/A       65%         2
 Call Canine Familiar     Summ           0%         N/A       87%         3
 Conjure Flame            Conj/Fire      0%         6-21      87%         3
 Dazzling Flash           Conj/Hex       0%         N/A       87%         3
 Frozen Ramparts          Ice            0%         1d2       87%         3
 Gell's Gravitas          Tloc           0%         N/A       87%         3
 Inner Flame              Hex/Fire       0%         N/A       87%         3
 Lesser Beckoning         Tloc           0%         N/A       87%         3
 Mephitic Cloud           Conj/Pois/Air  0%         N/A       87%         3
 Ozocubu's Armour         Ice            0%         N/A       87%         3
 Portal Projectile        Hex/Tloc       0%         N/A       87%         3
 Stone Arrow              Conj/Erth      0%         3d7       87%         3
 Swiftness                Air            0%         N/A       87%         3
 Teleport Other           Tloc           0%         N/A       87%         3
 Tukima's Dance           Hex            0%         N/A       87%         3
 Airstrike                Air            0%         N/A       99%         4
 Animate Armour           Summ/Erth      0%         N/A       99%         4
 Animate Dead             Necr           0%         N/A       99%         4
 Flame Wave               Conj/Fire      0%         2d4       99%         4
 Fulminant Prism          Conj/Hex       0%         3d6       99%         4
 Hailstorm                Conj/Ice       0%         3d3       99%         4
 Ice Form                 Ice/Tmut       0%         N/A       99%         4
 Iskenderun's Mystic Bla  Conj/Tloc      0%         2d3       99%         4
 Leda's Liquefaction      Hex/Erth       0%         N/A       99%         4
 Passage of Golubria      Tloc           0%         N/A       99%         4
 Petrify                  Tmut/Erth      0%         N/A       99%         4
 Agony                    Necr           0%         N/A       100%        5
 Alistair's Intoxication  Tmut/Pois      0%         N/A       100%        5
 Blade Hands              Tmut           0%         N/A       100%        5
 Borgnjor's Vile Clutch   Necr/Erth      0%         N/A       100%        5
 Excruciating Wounds      Necr           0%         N/A       100%        5
 Freezing Cloud           Conj/Ice/Air   0%         6-21      100%        5
 Lee's Rapid Deconstruct  Erth           0%         3d5*      100%        5
 Lightning Bolt           Conj/Air       0%         1d11      100%        5
 Metabolic Englaciation   Hex/Ice        0%         N/A       100%        5
 Silence                  Hex/Air        0%         N/A       100%        5
 Yara's Violent Unravell  Hex/Tmut       0%         3d3       100%        5
 Conjure Ball Lightning   Conj/Air       0%         3x3d6     100%        6
 Death Channel            Necr           0%         N/A       100%        6
 Dispersal                Tloc           0%         N/A       100%        6
 Eringya's Noxious Bog    Tmut/Pois      0%         N/A       100%        6
 Iron Shot                Conj/Erth      0%         9d1       100%        6
 Simulacrum               Ice/Necr       0%         N/A       100%        6
 Starburst                Conj/Fire      0%         6d3       100%        6
 Statue Form              Tmut/Erth      0%         N/A       100%        6
 Malign Gateway           Summ/Tloc      0%         N/A       100%        7
 Ozocubu's Refrigeration  Ice            0%         4d5       100%        7
 Disjunction              Tloc           0%         N/A       100%        8
 Lehudib's Crystal Spear  Conj/Erth      0%         10d2      100%        8
 Maxwell's Capacitive Co  Air            0%         ∞         100%        8
 Summon Horrible Things   Summ           0%         N/A       100%        8
 Chain Lightning          Conj/Air       0%         N/A       100%        9
 Fire Storm               Conj/Fire      0%         5d1       100%        9
 Polar Vortex             Ice            0%         N/A       100%        9
 Shatter                  Erth           0%         3d5*      100%        9


Dungeon Overview and Level Annotations

Branches:
Dungeon (15/15)            Temple (1/1) D:4            Lair (6/6) D:9
 Shoals (4/4) Lair:2       Spider (4/4) Lair:2        Slime (0/5) Lair:6
    Orc (2/2) D:9             Elf (3/3) Orc:2        Vaults (5/5) D:14
  Crypt (3/3) Vaults:3       Tomb (0/3) Crypt:3      Depths (4/4) D:15
    Zot (5/5) Depths:4    Ossuary (visited)          Bailey (visited)
  IceCv (visited)         Volcano (visited)          WizLab (visited)
Desolation (visited)      Gauntlet (visited)

Altars:
Ashenzari
Cheibriados
Fedhas
Gozag
Kikubaaqudgha
Nemelex Xobeh
Ru
Uskayaw
Beogh

Shops:
D:8 [   Orc:2 =(*?   Elf:1 ![   Shoals:2 *   Shoals:4 *   Vaults:1 (
Vaults:5 [[

Portals:
Hell: Depths:1 Depths:2 Depths:3 Depths:4
Abyss: Depths:2 Depths:3
Pandemonium: Depths:2
Ziggurat: Depths:1

Annotations:
D:3 1 transporter
Elf:2 3 runed translucent doors


Innate Abilities, Weirdness & Mutations

You can walk on water.
You are very weak. (Str -4)


Message History

You swap places.
Your orc knight is recalled. x2
There is an empty arch of ancient stone here.
Your orc wizard is recalled.
Your orc warrior is recalled.
Nordag is recalled.
Your orc warrior is recalled.
Your orc is recalled.
Your orc warrior is recalled.
You swap places.
Your orc warrior is recalled. x2
There is a staircase leading out of the dungeon here.
Your orc wizard is recalled.
Your orc warrior is recalled. x2
Your orc is recalled.
Your orc is recalled.
You swap places.
Your orc is recalled. x2
Arkwar roars a battlecry!
Your orcs go into a battle-frenzy!
You swap places.
Your orc is recalled. x3
You finish recalling your allies.
Korbok roars a battlecry!
Your orcs go into a battle-frenzy!
Boderik hits something from afar with a +1 glaive of protection!!!
Arkwar shoots a bolt.
Your orc warrior no longer looks unusually strong.
Boderik hits something but does no damage.
Beogh accepts your kill.
You feel a bit more experienced.
You swap places.
You swap places.
There is a staircase leading out of the dungeon here.
Select a follower to give a gift to.
Press: ? - help, Dir - move target, f - Harm
Aim: Harm the orc knight, wielding a +4 arbalest of flaming, wearing a +0 plate armour, quivering bolts and carrying a +0 dire flail (strong, friendly)
The floor.
Harm drops a +0 dire flail.
Harm unwields a +4 arbalest of flaming.
It stops flaming.
Harm wields a +6 antimagic halberd.
No worthy followers in sight.
You have escaped!

#####.####.#.#.#.####..##.
####.>.....>#3........##.
#......♣♣♣..oooo.....###.
#.##.♣♣♣♣♣♣♣ooo.....## #.
#.#.♣♣♣ooo♣♣♣o#.3...# ##
#...♣♣ooooo♣oooo....# #
#..♣♣♣oooooo♣♣......# ##
#..♣♣oo♣o♣o∩♣♣...#.#####.
#....o.♣@♣.o♣♣.........#.
#..♣♣∩o♣o♣o∩♣♣.........#.
##.♣♣♣..o..♣♣♣.........#.
#..♣♣∩...∩............#.
##.♣♣♣∩∩∩♣♣..#....#.....
##.♣♣♣♣♣♣♣.#######.....
##..♣♣♣..## #.....
#>.....># ####.. #########
#..


You could see a friendly orc knight (strong), the friendly Harm the orc knight
(strong), the friendly Rocco the orc knight (strong), the friendly Nordag the
orc sorcerer, 4 friendly orc warriors, a friendly orc wizard and 5 friendly
orcs.

Vanquished Creatures
  2 ancient liches (Vaults:5)
  Mara (Crypt:2)
  An orb of fire (Zot:3)
  The ghost of Hicsus the Metallomancer, a master GrEE of Sif Muna (Crypt:2)
  A juggernaut (Depths:3)
  Sojobo (Vaults:4)
  Margery (Vaults:5)
  Xtahua (Vaults:4)
  5 golden dragons
  Saint Roka (Crypt:1)
  Nikola (Spider:1)
  Rupert (Spider:1)
  2 liches
  Jorgrun (Spider:1)
  5 Orb Guardians (Zot:5)
  10 tentacled monstrosities
  2 walking earthen tomes
  A walking divine tome (Depths:2)
  A deep elf blademaster (Elf:3)
  5 titans (Vaults:5)
  3 quicksilver dragons
  An eldritch tentacle (WizLab)
  4 death cobs
  A kraken (Shoals:4)
  9 shadow dragons
  5 tengu reavers
  3 ancient champions
  2 sphinxes
  An orc warlord (Elf:3)
  Roxanne (D:15)
  7 storm dragons
  3 draconian monks
  A revenant (Crypt:3)
  8 fire giants
  2 iron dragons (Vaults:5)
  5 frost giants
  6 deep elf sorcerers
  5 draconian knights
  An imperial myrmidon (Desolation)
  A cacodemon (D:15)
  14 vault wardens
  3 draconian scorchers
  4 ghost moths
  A balrug (Depths:1)
  5 deep elf elementalists (Elf:3)
  A draconian annihilator (Zot:1)
  2 draconian shifters (Zot:1)
  An emperor scorpion (Spider:3)
  A reaper (Gauntlet)
  3 spriggan defenders
  18 very ugly things
  20 ironbound preservers
  2 draconian stormcallers
  6 vampire knights
  2 ghouls
  A war gargoyle (Vaults:5)
  6 black draconians
  24 stone giants
  5 green draconians
  4 deep elf demonologists
  11 deep elf annihilators
  5 dire elephants (Vaults:2)
  A halazid warlock (Desolation)
  A minotaur (Gauntlet)
  9 purple draconians
  5 entropy weavers
  4 spark wasps
  5 red draconians
  A spectral titan (Crypt:3)
  9 deep elf death magi
  6 white draconians
  The ghost of Weed the Jinx, a journeyman SpEn of Dithmenos (D:12)
  3 merfolk javelineers (Shoals:4)
  6 yellow draconians
  2 eidola
  15 ettins
  2 blizzard demons
  3 fire dragons
  2 merfolk impalers
  3 ragged hierophants (Desolation)
  16 jiangshi
  7 great orbs of eyes
  7 yaktaur captains
  6 deep elf high priests
  Josephine (D:11)
  3 ironbound thunderhulks
  3 rakshasas
  A servant of whispers (Desolation)
  2 ghost crabs (Lair:5)
  5 ice dragons
  2 boulder beetles (Vaults:1)
  3 hydras
  3 catoblepae
  3 merfolk avatars
  Harold (D:11)
  5 ironbound frosthearts
  11 peacekeepers
  28 vault guards
  9 centaur warriors
  3 spriggan air magi
  2 two-headed ogres (D:15)
  5 death knights
  4 ogre magi
  8 dancing weapons
  A fenstrider witch skeleton (Crypt:1)
  9 death yaks
  3 satyrs (Shoals:4)
  2 merfolk aquamancers
  4 deep troll shamans
  A tengu warrior (D:14)
  8 deep troll earth magi
  2 orc high priests
  3 vampire magi
  3 thrashing horrors (WizLab)
  5 spriggan berserkers
  A spectral dire elephant (Crypt:3)
  2 soul eaters
  18 hell knights
  6 shadow wraiths
  4 sun demons
  8 deep elf knights
  Sonja (Orc:1)
  3 sixfirhies
  8 fire crabs
  2 iron trolls (Depths:4)
  12 skeletal warriors
  24 deep trolls
  7 flayed ghosts
  3 sea snakes
  10 deep elf archers
  A glowing orange brain (Depths:2)
  An obsidian statue (WizLab)
  11 wizards
  An anaconda skeleton (WizLab)
  17 ironbound convokers
  10 phantasmal warriors
  Pikel (D:8)
  11 harpies (Shoals:1)
  22 wolf spiders
  A tengu skeleton (Vaults:5)
  10 orb spiders
  4 lindwurms
  16 deep elf zephyrmancers
  5 orc knights
  A wolf spider zombie (Crypt:2)
  37 ugly things
  20 deep elf pyromancers
  10 necromancers
  An eleionoma zombie (Crypt:1)
  10 fauns
  An orc sorcerer (Orc:2)
  2 worldbinders (WizLab)
  9 manticores
  5 elephants
  An ice statue (IceCv)
  5 moths of wrath
  A rust devil (D:2)
  A sphinx skeleton (Vaults:5)
  2 apocalypse crabs
  8 merfolk sirens
  10 vault sentinels
  A shining eye (shapeshifter) (Vaults:5)
  Maurice (Orc:1)
  5 guardian serpents
  A molten gargoyle (Desolation)
  2 water nymphs (Shoals:4)
  3 black mambas
  An orange demon (D:15)
  2 torpor snails
  3 smoke demons
  2 gargoyles
  A yaktaur zombie (Vaults:5)
  6 cane toads
  4 komodo dragons
  9 demonic crawlers
  A hellwing (Gauntlet)
  12 ice devils
  2 anaconda simulacra (IceCv)
  4 tengu conjurers
  2 hellions (Depths:1)
  10 freezing wraiths
  A rime drake (Lair:2)
  An entropy weaver simulacrum (IceCv)
  32 yaktaurs
  A guardian mummy (Crypt:1)
  4 trolls
  A death drake zombie (Crypt:2)
  20 merfolk
  A harpy zombie (Crypt:3)
  A polar bear (shapeshifter) (Elf:2)
  7 hornets
  2 polar bears (Lair:6)
  4 red devils
  20 jumping spiders
  2 wind drakes
  37 saltlings (Desolation)
  28 slime creatures
  5 dream sheep (Lair:6)
  12 blink frogs
  2 snapping turtles
  37 flying skulls
  52 redbacks
  6 shadows
  2 air elementals
  18 tarantellas
  A spriggan (Depths:4)
  8 water elementals
  10 fire bats
  9 wraiths
  2 basilisks
  29 yaks
  4 dire elephant simulacra
  A human (D:14)
  A human (shapeshifter) (Elf:2)
  8 vampire mosquitoes
  A wyvern (D:10)
  2 fire elementals (D:15)
  3 ynoxinuls
  A black mamba skeleton (Crypt:2)
  A chaos spawn (WizLab)
  4 small abominations
  4 death yak simulacra (IceCv)
  2 spatial vortices (WizLab)
  2 acid dragons
  A swamp worm (shapeshifter) (Vaults:5)
  5 wargs
  2 harpy simulacra (IceCv)
  A cane toad zombie (Crypt:1)
  A floating eye (Depths:2)
  7 water moccasins
  5 hell hounds
  A black bear (D:6)
  13 orc warriors
  4 necrophages
  8 ogres
  9 boggarts
  A centaur (shapeshifter) (Vaults:5)
  5 wolves
  9 centaurs
  A lemure (D:8)
  2 phantoms (D:5)
  3 kobold brigands
  7 bullfrogs
  2 earth elementals
  4 cane toad simulacra (IceCv)
  2 scorpions
  A two-headed ogre simulacrum (IceCv)
  A water moccasin zombie (D:7)
  A raiju zombie (Crypt:1)
  4 elephant simulacra (IceCv)
  A troll zombie (Crypt:2)
  A killer bee (D:10)
  4 wights (D:8)
  2 electric eels
  2 howler monkeys
  6 centaur zombies
  6 lava snakes (Volcano)
  5 human zombies
  11 jellies
  8 orc priests
  4 hounds
  A basilisk zombie (Crypt:2)
  An iron imp (WizLab)
  A black bear skeleton (Crypt:2)
  A bullfrog skeleton (D:6)
  4 iguanas
  2 human skeletons
  8 orc wizards
  A polar bear simulacrum (IceCv)
  A spriggan simulacrum (IceCv)
  5 wolf simulacra (IceCv)
  2 hound zombies (Ossuary)
  5 mummies
  8 adders
  3 gnolls
  A swamp drake skeleton (Crypt:2)
  A shadow imp (D:6)
  6 white imps
  3 ufetubi
  4 adder zombies (Ossuary)
  A lava snake zombie (Crypt:1)
  2 adder skeletons (D:4)
  3 worms
  A dart slug (D:4)
  15 orcs
  7 ball pythons
  10 endoplasms
  2 giant cockroaches
  11 goblins
  3 hobgoblins
  7 jackals
  A quokka (D:3)
  8 bats
  6 frilled lizards
  A gnoll skeleton (Crypt:1)
  5 gnoll zombies (Ossuary)
  A goblin zombie (Ossuary)
  3 hobgoblin zombies
  4 jackal zombies (Ossuary)
  20 kobolds
  A kobold skeleton (Crypt:1)
  7 kobold zombies
  An orc zombie (D:5)
  6 quokka zombies (Ossuary)
  4 rats
  5 rat zombies (Ossuary)
  A fungus (Depths:2)
  A tentacle (Shoals:4)
1659 creatures vanquished.

Vanquished Creatures (collateral kills)
  An ancient lich (Vaults:4)
  A profane servitor (Crypt:3)
  2 golden dragons (Depths:2)
  Jory (Crypt:2)
  2 bone dragons
  2 Hell Sentinels (D:1)
  A deep elf blademaster (Elf:3)
  A quicksilver dragon (Zot:4)
  A lich (Crypt:3)
  A walking frostbound tome (Depths:4)
  The ghost of Kaxoaf the Severer, an adept HOFi of Beogh (Elf:3)
  2 tengu reavers
  Kirke (D:15)
  A shadow dragon (Depths:2)
  Donald (Crypt:2)
  2 storm dragons (Depths:2)
  2 orc warlords
  4 fire giants
  2 deep elf sorcerers (Elf:3)
  3 vault wardens
  2 frost giants (Depths:2)
  2 emperor scorpions (Spider:4)
  2 deep elf elementalists (Elf:3)
  2 ghouls (Crypt:2)
  A reaper (Depths:1)
  8 very ugly things
  5 stone giants
  3 ironbound preservers
  3 vampire knights
  2 black draconians (Depths:4)
  A green draconian (Depths:4)
  2 entropy weavers
  2 yellow draconians (Depths:4)
  A halazid warlock (Desolation)
  Azrael (D:15)
  3 spark wasps
  5 dire elephants
  3 deep elf annihilators (Elf:3)
  A red draconian (Depths:4)
  A merfolk impaler (Shoals:4)
  6 fire dragons
  7 deep elf death magi
  2 crystal guardians
  9 jiangshi
  3 ragged hierophants (Desolation)
  An eidolon (Crypt:2)
  2 merfolk javelineers (Shoals:4)
  A green death (Depths:1)
  3 yaktaur captains
  Fannar (Lair:3)
  2 deep elf high priests (Elf:3)
  14 vault guards
  5 ice dragons
  4 great orbs of eyes
  A catoblepas (Lair:6)
  4 ironbound thunderhulks
  4 peacekeepers (Desolation)
  3 rakshasas
  2 boulder beetles
  6 hydras
  2 ironbound frosthearts
  5 centaur warriors
  A merfolk avatar (Shoals:1)
  2 deep troll shamans
  4 death knights
  3 dancing weapons
  2 spriggan berserkers (Depths:2)
  12 death yaks
  3 two-headed ogres
  2 deep troll earth magi
  2 vampire magi
  2 hell knights
  Nergalle (Lair:3)
  A soul eater (Depths:1)
  5 iron trolls
  10 skeletal warriors
  26 deep trolls
  A sea snake (Shoals:1)
  11 ironbound convokers
  9 harpies
  2 deep elf archers
  5 wizards
  3 phantasmal warriors
  5 deep elf zephyrmancers
  6 orc knights
  A goliath frog zombie (Crypt:1)
  A necromancer (Depths:3)
  An obsidian statue (Depths:1)
  6 wolf spiders
  A lindwurm (Vaults:4)
  11 orb spiders
  7 deep elf pyromancers
  29 ugly things
  An orc sorcerer (Orc:1)
  3 fauns
  A cyclops (D:12)
  14 slime creatures
  3 manticores
  A black mamba (Lair:3)
  2 guardian serpents (Desolation)
  A molten gargoyle (Desolation)
  5 merfolk sirens
  4 vault sentinels
  10 elephants
  A torpor snail (Lair:4)
  13 cane toads
  A white draconian zombie (Crypt:2)
  6 yaktaurs
  A rime drake (Lair:6)
  5 demonic crawlers
  5 komodo dragons
  2 hellwings
  3 ice devils (IceCv)
  5 freezing wraiths
  A troll (D:12)
  17 jumping spiders
  3 polar bears
  10 merfolk
  2 wind drakes (Shoals:1)
  12 saltlings (Desolation)
  4 hornets
  14 blink frogs
  A dream sheep (Lair:6)
  4 snapping turtles
  2 air elementals
  5 water elementals
  2 shadows (Crypt:3)
  A spriggan (Depths:4)
  6 wraiths
  19 redbacks
  15 flying skulls (Crypt:3)
  12 tarantellas
  3 wyverns
  4 hogs (D:15)
  5 basilisks
  24 yaks
  A golden eye (shapeshifter) (D:15)
  A vampire mosquito (D:13)
  A neqoxec (Depths:2)
  A death yak simulacrum (IceCv)
  3 wargs (Orc:2)
  4 hell hounds
  11 water moccasins
  13 orc warriors
  2 sky beasts (D:7)
  A hornet zombie (Crypt:2)
  4 black bears
  2 necrophages (Crypt:3)
  5 wolves
  2 ogres
  2 lemures (D:8)
  A small abomination (Crypt:3)
  A dream sheep skeleton (Crypt:1)
  A yaktaur zombie (Crypt:2)
  5 bullfrogs
  An earth elemental (Elf:1)
  An elephant simulacrum (IceCv)
  2 killer bees (D:10)
  2 wights (D:8)
  An electric eel (Spider:2)
  3 centaur zombies
  A bullfrog zombie (D:6)
  2 orc priests
  A gnoll shaman (D:8)
  5 jellies (Lair:6)
  A human skeleton (Crypt:1)
  2 orc wizards
  A scorpion zombie (D:5)
  3 mummies (Crypt:1)
  2 gnolls (D:8)
  An adder (D:5)
  A shadow imp (D:7)
  16 orcs
  A goblin (D:7)
  A plant (Shoals:4)
  2 tentacles (Shoals:4)
708 creatures vanquished.

Vanquished Creatures (others)
  Asterion (Elf:1)
  5 orc warlords
  A storm dragon (Zot:1)
  A fire giant (Depths:2)
  A deep elf elementalist (Elf:3)
  A very ugly thing (Depths:2)
  A deep troll earth mage (Depths:4)
  4 orc high priests
  2 orc sorcerers
  A wizard (Vaults:4)
  15 orc knights
  A deep elf pyromancer (D:15)
  A vault sentinel (Vaults:3)
  24 orc warriors
  A chaos spawn (Depths:1)
  A human (D:15)
  17 orc wizards
  11 orc priests
  49 orcs
  A ball python (D:4)
  64 fungi
  172 plants
  5 tentacles (Shoals:4)
  14 withered plants (Gauntlet)
394 creatures vanquished.

Grand Total: 2761 creatures vanquished

Notes
Turn   | Place    | Note
-------+----------+-------------------------------------------
     0 | D:1      | jt the Hill Orc Fighter began the quest for the Orb.
     0 | D:1      | Reached XP level 1. HP: 19/19 MP: 1/1
   124 | D:1      | Reached XP level 2. HP: 18/26 MP: 2/2
   536 | D:1      | Reached XP level 3. HP: 31/31 MP: 3/3
  1048 | D:2      | Reached XP level 4. HP: 30/39 MP: 4/4
  1146 | D:2      | Found a faded altar of an unknown god.
  1150 | D:2      | Prayed at the altar of an unknown god.
  1150 | D:2      | Became a worshipper of Beogh the Brigand
  1150 | D:2      | Reached * piety under Beogh
  1345 | D:3      | Identified a scroll of acquirement
  1345 | D:3      | Acquired a +4 chain mail of willpower
  1504 | D:3      | Reached skill level 5 in Axes
  1810 | D:3      | Reached XP level 5. HP: 28/45 MP: 5/5
  2269 | D:3      | Found a sparkling altar of Nemelex Xobeh.
  2269 | D:3      | Found a transporter.
  2269 | D:3      | Noticed an ogre
  2844 | D:4      | Reached ** piety under Beogh
  2858 | D:4      | Reached skill level 1 in Evocations
  2858 | D:4      | Reached XP level 6. HP: 49/51 MP: 6/6
  3392 | D:4      | Reached XP level 7. HP: 53/57 MP: 7/7
  3538 | D:4      | Found a staircase to the Ecumenical Temple.
  3547 | Temple   | Entered the Ecumenical Temple
  4143 | D:5      | Entered Level 5 of the Dungeon
  4162 | D:5      | Found a sand-covered staircase.
  4176 | D:5      | Reached XP level 8. HP: 48/64 MP: 8/8
  4182 | Ossuary  | Entered an ossuary
  4365 | Ossuary  | Reached skill level 5 in Evocations
  4461 | Ossuary  | Reached *** piety under Beogh
  4462 | Ossuary  | Reached skill level 10 in Axes
  5208 | D:5      | Found a hide-covered altar of Uskayaw.
  6047 | D:6      | Identified the +8 dagger of Fapalykko {protect, rElec rC+}
  6294 | D:7      | Reached **** piety under Beogh
  6295 | D:7      | Reached XP level 9. HP: 70/70 MP: 9/9
  6456 | D:7      | Found a flagged portal.
  6482 | Bailey   | Entered a bailey
  6614 | Bailey   | Found an iron altar of Okawaru.
  6614 | Bailey   | Noticed an orc knight
  6642 | Bailey   | Killed an orc knight
  6958 | D:7      | Found an ancient bone altar of Kikubaaqudgha.
  7212 | D:7      | Acquired a +0 broad axe of draining
  7301 | D:8      | Found Songud's Antique Armour Shoppe.
  7309 | D:8      | Reached skill level 5 in Invocations
  7318 | D:8      | Noticed Pikel
  7334 | D:8      | Killed Pikel
  7505 | D:8      | Reached XP level 10. HP: 70/77 MP: 13/15
  7526 | D:8      | Bought a pair of runed gloves for 225 gold pieces
  7531 | D:8      | Bought a cloak for 135 gold pieces
  7558 | D:8      | Reached skill level 15 in Axes
  7625 | D:8      | Identified the +1 robe "Doumnooz" {Will+}
  7973 | D:8      | Reached ***** piety under Beogh
  8211 | D:9      | Noticed a death yak
  8213 | D:9      | Noticed a death yak
  8215 | D:9      | Found a staircase to the Lair.
  8215 | D:9      | Noticed a death yak
  8238 | D:9      | Killed a death yak
  8244 | D:9      | Killed a death yak
  8245 | D:9      | Killed a death yak
  8246 | D:9      | Reached skill level 10 in Invocations
  8436 | D:9      | Reached XP level 11. HP: 77/82 MP: 18/18
  8989 | D:9      | Found a staircase to the Orcish Mines.
  9327 | Lair:1   | Entered Level 1 of the Lair of Beasts
  9331 | Lair:1   | Noticed a six-headed hydra
  9332 | Lair:1   | Identified the +1 trident "Zocan" {freeze, Drain Will+
                  | Int+3}
  9338 | Lair:1   | Killed a six-headed hydra
  9394 | Lair:1   | Identified the +10 quarterstaff "Qiub" {protect, rF+ rC+
                  | Int-3 SInv}
  9448 | Lair:1   | Identified the ring "Subiak" {*Corrode *Slow rF+ AC+4
                  | Int+5}
 10155 | Lair:1   | Identified the +7 spear of Destruction {speed, rElec}
 10270 | Lair:2   | Found a hole to the Spider Nest.
 10275 | Lair:2   | Reached skill level 5 in Shields
 10790 | Lair:2   | Noticed a fire crab
 10796 | Lair:2   | Killed a fire crab
 10797 | Lair:2   | Reached XP level 12. HP: 76/90 MP: 14/21
 10830 | Lair:2   | Noticed a boulder beetle
 10837 | Lair:2   | Killed a boulder beetle
 11153 | Lair:2   | Found a staircase to the Shoals.
 11602 | Lair:3   | Noticed Fannar
 11606 | Lair:3   | Killed Fannar
 11835 | Lair:3   | Noticed a boulder beetle
 11841 | Lair:3   | Killed a boulder beetle
 12083 | Lair:3   | Identified the +3 leather armour of Qagikoff {Will- rCorr
                  | Str+2 Stlth+}
 12113 | Lair:3   | Noticed a four-headed hydra
 12117 | Lair:3   | Killed a three-headed hydra
 12306 | Lair:3   | Noticed Nergalle
 12314 | Lair:3   | Killed Nergalle
 12553 | Lair:3   | Noticed a five-headed hydra
 12568 | Lair:3   | Killed a five-headed hydra
 12784 | Lair:3   | Noticed a catoblepas
 12793 | Lair:3   | Killed a catoblepas
 12992 | Lair:4   | Reached skill level 15 in Invocations
 12993 | Lair:4   | Reached XP level 13. HP: 95/95 MP: 24/24
 13341 | Lair:4   | Reached skill level 10 in Shields
 13436 | Lair:4   | Found a snail-covered altar of Cheibriados.
 14628 | Lair:5   | Found a runed translucent door.
 15044 | Lair:6   | Entered Level 6 of the Lair of Beasts
 15140 | Lair:6   | Found a dark tunnel.
 15150 | Volcano  | Entered a volcano
 15494 | Volcano  | Gained Oreg as an ally
 15732 | Volcano  | Found a radiant altar of Vehumet.
 15781 | Volcano  | Found a radiant altar of Vehumet.
 16119 | Lair:6   | Reached XP level 14. HP: 52/102 MP: 26/26
 16596 | Lair:6   | Found a staircase to the Slime Pits.
 17261 | Lair:6   | Reached skill level 5 in Fighting
 17605 | Lair:6   | Identified the +7 short sword "Rotwaiq" {flame, Will-
                  | Int+9}
 17875 | D:8      | Bought the +2 hood of the Assassin {Detection Stab+
                  | Stlth++} for 1800 gold pieces
 17875 | D:8      | Found the +2 hood of the Assassin {Detection Stab+ Stlth++}
 17946 | D:10     | Entered Level 10 of the Dungeon
 18020 | D:10     | Identified the +1 leather armour "Xothau" {Int+2}
 18160 | D:10     | Found a blossoming altar of Fedhas.
 18597 | D:11     | Noticed Josephine
 18609 | D:11     | Killed Josephine
 18822 | D:11     | Noticed Harold
 18831 | D:11     | Killed Harold
 18832 | D:11     | Reached skill level 5 in Armour
 19567 | D:12     | Found a transporter.
 19590 | D:12     | Noticed Weed's ghost (journeyman SpEn)
 19604 | D:12     | Found a transporter.
 19926 | D:12     | Found a portal to a secret trove of treasure.
 19959 | D:12     | Found an opulent altar of Gozag.
 20527 | D:13     | Reached XP level 15. HP: 118/118 MP: 28/28
 20783 | D:13     | Gained Borgun as an ally
 21474 | D:14     | Gained Blodwig as an ally
 21511 | D:14     | Your ally Borgun died
 21786 | D:14     | Gained Boderik as an ally
 21815 | D:14     | Found a gate leading to a gauntlet.
 21828 | D:14     | Reached ****** piety under Beogh
 21858 | Gauntlet | Entered a Gauntlet
 21858 | Gauntlet | Found a transporter.
 22147 | Gauntlet | Found a transporter.
 22160 | Gauntlet | Found a transporter.
 22172 | Gauntlet | Found a transporter.
 22174 | Gauntlet | Found a large runed translucent door.
 22174 | Gauntlet | Found a large runed translucent door.
 22175 | Gauntlet | Found a large runed translucent door.
 22175 | Gauntlet | Found a large runed translucent door.
 22176 | Gauntlet | Found a large runed translucent door.
 22176 | Gauntlet | Found a large runed translucent door.
 22176 | Gauntlet | Found a runed translucent door.
 22176 | Gauntlet | Found a runed translucent door.
 22176 | Gauntlet | Found a large runed translucent door.
 22177 | Gauntlet | Found a transporter.
 22177 | Gauntlet | Found a large runed translucent door.
 22177 | Gauntlet | Found a large runed translucent door.
 22192 | Gauntlet | Found a transporter.
 22207 | Gauntlet | Found a large runed translucent door.
 22208 | Gauntlet | Found a large runed translucent door.
 22209 | Gauntlet | Found a large runed translucent door.
 22210 | Gauntlet | Found a runed translucent gate.
 22211 | Gauntlet | Found a transporter.
 22211 | Gauntlet | Found a runed translucent gate.
 22212 | Gauntlet | Found a runed translucent gate.
 22231 | Gauntlet | Found a large runed translucent door.
 22232 | Gauntlet | Found a large runed translucent door.
 22233 | Gauntlet | Found a large runed translucent door.
 22241 | Gauntlet | Found a transporter.
 22242 | Gauntlet | Found a large runed translucent door.
 22246 | Gauntlet | Found a transporter.
 22278 | Gauntlet | Found a transporter.
 22280 | Gauntlet | Found a transporter.
 22292 | Gauntlet | Found a transporter.
 22301 | Gauntlet | Found a transporter.
 22306 | Gauntlet | Found a transporter.
 22308 | Gauntlet | Found a transporter.
 22331 | Gauntlet | Found a transporter.
 22336 | Gauntlet | Found a transporter.
 22386 | Gauntlet | Found a transporter.
 22386 | Gauntlet | Found the +3 pair of seven-league boots {Rampage+∞}
 22900 | Gauntlet | Identified the amulet "Xipoiga" {Reflect SH+5 Stlth+}
 22961 | Gauntlet | Found the +3 crown of Dyrovepreva {rElec Int+2 SInv}
 22977 | Gauntlet | Identified the +1 leather armour "Senaen" {+Inv rCorr}
 23661 | D:14     | Found a gate to the Vaults.
 23672 | D:14     | Reached skill level 10 in Armour
 23933 | D:15     | Entered Level 15 of the Dungeon
 23935 | D:15     | Found a sacrificial altar of Ru.
 23954 | D:15     | Reached skill level 15 in Shields
 24177 | D:15     | Noticed Kirke
 24181 | D:15     | Killed Kirke
 24199 | D:15     | Found a staircase to the Depths.
 24247 | D:15     | Reached skill level 10 in Fighting
 24525 | D:15     | Noticed Azrael
 24537 | D:15     | Killed Azrael
 24538 | D:15     | Reached XP level 16. HP: 103/134 MP: 30/30
 24672 | D:15     | Noticed Roxanne
 24686 | D:15     | Killed Roxanne
 25071 | Orc:1    | Entered Level 1 of the Orcish Mines
 25087 | Orc:1    | Noticed Sonja
 25092 | Orc:1    | Noticed Maurice
 25092 | Orc:1    | Killed Sonja
 25102 | Orc:1    | Killed Maurice
 25285 | Orc:1    | Gained Borgk as an ally
 25502 | Orc:2    | Entered Level 2 of the Orcish Mines
 25593 | Orc:2    | Your ally Borgk died
 25744 | Orc:2    | Found a staircase to the Elven Halls.
 25757 | Orc:2    | Found a frozen archway.
 25773 | IceCv    | Entered an ice cave
 26536 | IceCv    | Found an ancient bone altar of Kikubaaqudgha.
 27059 | Orc:2    | Found a roughly hewn altar of Beogh.
 27093 | Orc:2    | Found Xuiloh's General Store.
 27101 | Orc:2    | Found Cotos's Magic Scroll Shop.
 27705 | Orc:2    | Found Remihu Hore's Jewellery Emporium.
 27705 | Orc:2    | Found Libem's Antique Weapon Shop.
 28009 | Shoals:1 | Entered Level 1 of the Shoals
 28505 | Shoals:1 | Reached skill level 1 in Dodging
 29107 | Shoals:2 | Found Vaonlozy's General Store.
 30105 | Shoals:3 | Found a snail-covered altar of Cheibriados.
 30475 | Shoals:4 | Entered Level 4 of the Shoals
 30731 | Shoals:4 | Reached XP level 17. HP: 47/148 MP: 22/31
 30732 | Shoals:4 | Gained Argrim as an ally
 31606 | Shoals:4 | Your ally Argrim died
 31638 | Shoals:4 | Got a barnacled rune of Zot
 31654 | Shoals:4 | Found Hoab's Assorted Antiques.
 31708 | Shoals:4 | Bought a transparent ivory ring for 130 gold pieces
 31708 | Shoals:4 | Identified the ring of the Sturgeon {Ice rCorr Str+7 Int-5}
                  | (You bought it in a shop on level 4 of the Shoals)
 31725 | Shoals:4 | Reached skill level 15 in Armour
 31855 | Shoals:4 | Bought a potion of haste for 260 gold pieces
 31860 | Shoals:4 | Bought a twisted blue amulet for 130 gold pieces
 32006 | Shoals:4 | Bought a runed bardiche for 312 gold pieces
 32089 | Shoals:4 | Noticed a kraken
 32131 | Shoals:4 | Killed a kraken
 32449 | Vaults:1 | Entered Level 1 of the Vaults
 32812 | Vaults:1 | Gained Harm as an ally
 32823 | Vaults:1 | Gained Nordag as an ally
 33016 | Vaults:1 | Gained Zorug as an ally
 33451 | Vaults:1 | Reached skill level 5 in Dodging
 34222 | Vaults:1 | Found Degystre's Weapon Emporium.
 34616 | Vaults:2 | Reached XP level 18. HP: 146/161 MP: 33/33
 35455 | Vaults:2 | Reached skill level 15 in Fighting
 36627 | Vaults:3 | Found a staircase to the Crypt.
 36900 | Vaults:3 | Identified the +10 arbalest "Neomebum" {elec, Str+2 Int-3
                  | Dex+4}
 37587 | Vaults:3 | Reached XP level 19. HP: 155/173 MP: 35/35
 38545 | Vaults:4 | Noticed Sojobo
 38549 | Vaults:4 | Paralysed by an air elemental for 1 turns
 38552 | Vaults:4 | Your ally Zorug died
 38554 | Vaults:4 | Killed Sojobo
 39197 | Vaults:4 | Noticed Xtahua
 39203 | Vaults:4 | Killed Xtahua
 39273 | Vaults:4 | Noticed an ancient lich
 39319 | Vaults:4 | Killed an ancient lich
 39322 | Vaults:4 | Your ally Nordag died
 40609 | Shoals:2 | Bought a scroll of holy word for 120 gold pieces
 40815 | Orc:2    | Bought a scroll of holy word for 105 gold pieces
 41459 | Lair:5   | Identified the +2 robe "Gugownan" {rPois rF- Regen+ Dex+4}
 41460 | Lair:5   | Identified the +6 whip of War {vorpal, rPois Int+3}
 41462 | Lair:5   | Identified the +8 hand crossbow of the Evil Eye {elec,
                  | Will+ Str-4 Dex+2}
 42012 | D:12     | Reached XP level 20. HP: 173/187 MP: 36/36
 42030 | D:12     | Killed Weed's ghost
 42127 | D:12     | Identified the -5 hat of Cykhanis {rF+ rCorr SInv}
 42312 | Elf:1    | Entered Level 1 of the Elven Halls
 42316 | Elf:1    | Noticed Asterion
 42324 | Elf:1    | Killed Asterion
 42400 | Elf:1    | Paralysed by an air elemental for 1 turns
 42604 | Elf:1    | Found a magical portal.
 42622 | WizLab   | Entered The Roulette of Golubria
 42622 | WizLab   | Found a transporter.
 42627 | WizLab   | Found a corrupted altar of Lugonu.
 42642 | WizLab   | Found a transporter.
 42850 | WizLab   | Found a corrupted altar of Lugonu.
 42853 | WizLab   | Found a transporter.
 42882 | WizLab   | Found a transporter.
 42897 | WizLab   | Found a transporter.
 42910 | WizLab   | Found a transporter.
 42946 | WizLab   | Found a transporter.
 42950 | WizLab   | Found a transporter.
 42983 | WizLab   | Found a transporter.
 43014 | WizLab   | Found a transporter.
 43067 | WizLab   | Found a transporter.
 43116 | WizLab   | Found a transporter.
 43382 | WizLab   | Found a transporter.
 43382 | WizLab   | Found a transporter.
 43405 | WizLab   | Found a transporter.
 43421 | WizLab   | Got Golubria's Guide on Orientation
 43437 | WizLab   | Found a transporter.
 43437 | WizLab   | Found a transporter.
 43477 | WizLab   | Found a transporter.
 43502 | WizLab   | Found a transporter.
 43545 | WizLab   | Found a transporter.
 43923 | WizLab   | Identified the +1 cloak of the Devil's Advocate {rElec
                  | Int+4}
 44198 | Elf:1    | Gained Learuk as an ally
 44254 | Elf:1    | Found Ubeawu Jaob's Distillery.
 44512 | Elf:1    | Found Hykip's Antique Armour Emporium.
 45185 | Elf:2    | Your ally Learuk died
 45457 | Elf:2    | Found a crumbling gateway.
 45529 | Desolati | Entered the Desolation of Salt
 45751 | Desolati | Gained Hilgar as an ally
 45835 | Desolati | Your ally Hilgar died
 45854 | Desolati | Gained Jorge as an ally
 45999 | Desolati | Identified the ring "Zeheig Votz" {rElec rC+ Stlth+}
 46267 | Desolati | Identified the ring "Ahiloesm" {Fire rPois rCorr Str-4}
 46530 | Desolati | Identified the +3 mace of Squeaky Integrity {vamp, Fragile
                  | rElec rCorr SInv}
 46538 | Desolati | Identified the ring "Ywofiw" {Drain rPois rN+ Will+ rCorr}
 46553 | Desolati | Got the Compendium of Supportive Arcane Weapons
 46569 | Desolati | Identified the +5 hunting sling of the Warrior {speed, rN+
                  | Will+ Int-2 Dex+4 SInv}
 47761 | Elf:2    | Found a runed translucent gate.
 47762 | Elf:2    | Found a runed translucent gate.
 47762 | Elf:2    | Found a runed translucent gate.
 48022 | Elf:3    | Entered Level 3 of the Elven Halls
 48032 | Elf:3    | Reached XP level 21. HP: 182/199 MP: 38/38
 48157 | Elf:3    | Found a runed translucent door.
 48157 | Elf:3    | Noticed Kaxoaf's ghost (adept HOFi)
 48167 | Elf:3    | Paralysed by an air elemental for 1 turns
 48186 | Elf:3    | Found a flickering gateway to a bazaar.
 48203 | Bazaar   | Entered a bazaar
 48208 | Bazaar   | Found Jeudas's Jewellery Shoppe.
 48213 | Bazaar   | Found Qeetax's Assorted Antiques.
 48244 | Bazaar   | Found Voebbeh's Assorted Antiques.
 48262 | Bazaar   | Found Huer's Antique Armour Shoppe.
 48272 | Bazaar   | Bought a fine cloak for 171 gold pieces
 48272 | Bazaar   | Identified the +0 cloak of Circular Logic {MP+9 Str+5} (You
                  | bought it in a shop in a bazaar)
 48300 | Bazaar   | Bought a scroll of enchant armour for 277 gold pieces
 48300 | Bazaar   | Bought 3 scrolls of magic mapping for 388 gold pieces
 48300 | Bazaar   | Bought a scroll of teleportation for 111 gold pieces
 48312 | Bazaar   | Bought the amulet of the Air {Inacc Air Fly rElec RMsl} for
                  | 376 gold pieces
 48312 | Bazaar   | Found the amulet of the Air {Inacc Air Fly rElec RMsl}
 48809 | Elf:3    | Paralysed by an air elemental for 1 turns
 48817 | Elf:3    | Your ally Jorge died
 49155 | Elf:3    | Killed Kaxoaf's ghost
 49155 | Elf:3    | Gained Arbolt as an ally
 49339 | Elf:3    | Your ally Harm died
 49352 | Elf:3    | Your ally Boderik died
 49354 | Elf:3    | Reached skill level 10 in Evocations
 49358 | Elf:3    | Your ally Blodwig died
 49370 | Elf:3    | Your ally Arbolt died
 50032 | Elf:3    | Found the +3 giant club "Skullcrusher" {speed, Str+7}
 50033 | Elf:3    | Found the +3 hat of Pondering {ponderous, Will+ MP+10
                  | Int+5}
 50041 | Elf:3    | Identified the ring of Myprei {rF+ Str+2 Slay+3 Stlth+}
 50049 | Elf:3    | Identified the ring of Xom's Sleight of Hands {Wiz rC+
                  | Str+2}
 50324 | Elf:3    | Identified the +0 hunting sling of Gallantry {freeze, Int+2
                  | Dex+3 Stlth+}
 50353 | Elf:3    | Identified the +1 robe of the Blind Marksman {rF+ Will-
                  | Str+2}
 50400 | Elf:3    | Identified the amulet of Creativity {Reflect +Blink SH+5}
 50420 | Elf:3    | Identified the +4 scimitar "Hill Orc's Bane" {elec, rF++
                  | Will- Dex+3 SInv}
 50430 | Elf:3    | Identified the +8 chain mail of the Tormentor {Will++ Dex+4
                  | Stlth-}
 50814 | Depths:1 | Entered Level 1 of the Depths
 51812 | Crypt:1  | Entered Level 1 of the Crypt
 51911 | Crypt:1  | Noticed Saint Roka
 51913 | Crypt:1  | Gained Morbeogh as an ally
 51921 | Crypt:1  | Killed Saint Roka
 52069 | Crypt:1  | Reached skill level 27 in Invocations
 52704 | Crypt:1  | Acquired a manual of Fighting
 52911 | Crypt:2  | Your ally Morbeogh died
 53228 | Crypt:2  | Noticed Hicsus's ghost (master GrEE)
 53235 | Crypt:2  | Found a runed translucent door.
 53401 | Crypt:2  | Noticed Mara
 53415 | Crypt:2  | Noticed jt's illusion
 53416 | Crypt:2  | Killed Mara
 53827 | Crypt:2  | Noticed Donald
 53837 | Crypt:2  | Killed Donald
 53918 | Crypt:2  | Noticed Jory
 53930 | Crypt:2  | Killed Jory
 54077 | Crypt:2  | Killed Hicsus's ghost
 54091 | Crypt:2  | Identified the +0 hat of Peek-a-Boo {rF+}
 54093 | Crypt:2  | Got Sola's Volume of Stones
 54310 | Crypt:3  | Entered Level 3 of the Crypt
 54318 | Crypt:3  | Gained Korbok as an ally
 54391 | Crypt:3  | Reached XP level 22. HP: 214/214 MP: 39/39
 54725 | Crypt:3  | Found an ancient bone altar of Kikubaaqudgha.
 55168 | Crypt:3  | Identified the +5 spear of the Glimmering Asp {vamp, Dex+3}
 55656 | Crypt:3  | Found the +0 staff of Battle
 55677 | Crypt:3  | Identified the ring "Kevov" {rN+ Int+2 Slay+3}
 55677 | Crypt:3  | Identified the ring of Myeblek {rC+ rN+ Dex+4}
 55677 | Crypt:3  | Identified the ring of Lilacs {rPois rN+ rCorr MP+9 Stlth-}
 55761 | Crypt:3  | Found a staircase to the Tomb.
 55816 | Crypt:3  | Noticed a profane servitor
 55826 | Crypt:3  | Killed a profane servitor
 56382 | Spider:1 | Entered Level 1 of the Spider Nest
 56454 | Spider:1 | Noticed Jorgrun
 56459 | Spider:1 | Killed Jorgrun
 56459 | Spider:1 | Gained Nordag as an ally
 56990 | Spider:1 | Noticed Nikola
 56991 | Spider:1 | Gained Rocco as an ally
 57000 | Spider:1 | Killed Nikola
 57004 | Spider:1 | Noticed Rupert
 57009 | Spider:1 | Killed Rupert
 57651 | Spider:2 | Your ally Oreg died
 57653 | Spider:2 | Gained Rocco as an ally
 57686 | Spider:2 | Your ally Rocco died
 57694 | Spider:2 | Gained Ogrik as an ally
 58297 | Spider:3 | Reached XP level 23. HP: 191/232 MP: 40/40
 58298 | Spider:3 | Reached XP level 24. HP: 200/242 MP: 40/40
 58393 | Spider:3 | Gained Boderik as an ally
 58917 | Spider:4 | Entered Level 4 of the Spider Nest
 59381 | Spider:4 | Reached XP level 25. HP: 250/250 MP: 36/40
 59511 | Spider:4 | Gained Harm as an ally
 59688 | Spider:4 | Got a gossamer rune of Zot
 60225 | Depths:1 | Gained Wardok as an ally
 60249 | Depths:1 | Found a gateway to Hell.
 60255 | Depths:1 | Your ally Wardok died
 60512 | Depths:1 | Gained Arkwar as an ally
 61347 | Depths:1 | Found a gateway to a ziggurat.
 61785 | Depths:1 | Identified the +5 chain mail of the Orb Guardian {Str+4
                  | Dex+2}
 61871 | Depths:1 | Identified the +5 quarterstaff of Pandemonium {drain,
                  | Fragile rElec rN++}
 62426 | Depths:2 | Found a one-way gate to the infinite horrors of the Abyss.
 62502 | Depths:2 | Found a one-way gate leading to the halls of Pandemonium.
 62806 | Depths:2 | Found a broken altar of Ashenzari.
 62806 | Depths:2 | Found a hide-covered altar of Uskayaw.
 62807 | Depths:2 | Found a sacrificial altar of Ru.
 63332 | Depths:2 | Gained Bogmar as an ally
 63376 | Depths:2 | Gained Morun as an ally
 63378 | Depths:2 | Gained Milork as an ally
 63551 | Depths:2 | Identified the +3 flail of Gluttony {vorpal, Drain rElec
                  | MP+9 Dex+4}
 63830 | Depths:2 | Your ally Bogmar died
 63981 | Depths:2 | Reached skill level 27 in Fighting
 64618 | Depths:3 | Reached XP level 26. HP: 255/266 MP: 40/40
 64662 | Depths:3 | Noticed a juggernaut
 64667 | Depths:3 | Gained Ugrim as an ally
 64671 | Depths:3 | Killed a juggernaut
 65864 | Depths:4 | Entered Level 4 of the Depths
 66404 | Depths:4 | Acquired a +7 vorpal broad axe
 66407 | Depths:4 | Acquired 300 gold pieces
 66836 | Depths:4 | Found a snail-covered altar of Cheibriados.
 66943 | Depths:4 | Found a gate to the Realm of Zot.
 67497 | Vaults:5 | Entered Level 5 of the Vaults
 67534 | Vaults:5 | Reached skill level 27 in Armour
 67706 | Vaults:5 | Reached skill level 1 in Throwing
 68147 | Vaults:5 | Identified the +6 scale mail of the Devil's Advocate {rC+
                  | Dex+3}
 68154 | Vaults:5 | Identified the +7 hand axe "Raex" {vamp, rN+}
 68171 | Vaults:5 | Identified the ring "Liafakik" {rElec rC+ Stlth+}
 68824 | Vaults:5 | Got a silver rune of Zot
 68840 | Vaults:5 | Identified the ring "Yrchisau" {Fire rPois}
 69045 | Vaults:5 | Noticed an ancient lich
 69059 | Vaults:5 | Killed an ancient lich
 69460 | Vaults:5 | Noticed an ancient lich
 69487 | Vaults:5 | Killed an ancient lich
 69488 | Vaults:5 | Reached skill level 5 in Throwing
 69574 | Vaults:5 | Reached XP level 27. HP: 211/273 MP: 40/40
 69998 | Vaults:5 | Gained Judas as an ally
 70182 | Vaults:5 | Noticed Margery
 70194 | Vaults:5 | Killed Margery
 70423 | Vaults:5 | Found Ziebeebb's Antique Armour Shoppe.
 70594 | Vaults:5 | Bought a heavily runed chain mail for 323 gold pieces
 70594 | Vaults:5 | Identified the +5 chain mail of Noon {Slay+3} (You bought
                  | it in a shop on level 5 of the Vaults)
 70605 | Vaults:5 | Identified the ring "Sut Vien" {+Blink rF+ rN+ Str-5}
 70936 | Vaults:5 | Found Naorgh's Antique Armour Boutique.
 70948 | Vaults:5 | Bought a polished kite shield for 247 gold pieces
 70948 | Vaults:5 | Identified the +0 kite shield "Juwilapp" {rC+ Str+3} (You
                  | bought it in a shop on level 5 of the Vaults)
 70992 | Vaults:5 | Identified the +2 robe "Jollio" {-Tele Int+2 Slay+3 Stlth+}
 71962 | D:12     | You paid a toll of +3 storm dragon scales to enter a
                  | treasure trove
 71963 | Trove    | Entered a treasure trove
 71968 | Trove    | Found the +8 mithril axe "Arga" {speed, Will+}
 71975 | Trove    | Identified the amulet "Seujar" {Acrobat rF+ Str-5 Dex+4}
 71992 | Trove    | Identified the amulet "Efy Onge" {Reflect rN+++ Str-5
                  | Slay+5 SH+5 Stlth+}
 71996 | Trove    | Identified the +1 hat of Rotation {+Inv Int+3}
 72570 | Zot:1    | Entered Level 1 of the Realm of Zot
 74460 | Zot:3    | Noticed an orb of fire
 74464 | Zot:3    | Killed an orb of fire
 74729 | Zot:4    | Gained Bogdan as an ally
 74731 | Zot:4    | Your ally Bogdan died
 74900 | Zot:5    | Entered Level 5 of the Realm of Zot
 74900 | Zot:5    | Noticed an orb of fire
 74900 | Zot:5    | Noticed an orb of fire
 74903 | Zot:5    | Got the Orb of Zot
 74904 | Zot:5    | Noticed an orb of fire
 74907 | Zot:5    | Noticed an orb of fire
 74908 | Zot:5    | Noticed an orb of fire
 74909 | Zot:5    | Noticed an orb of fire
 74916 | Zot:5    | Noticed an orb of fire
 74917 | Zot:5    | Noticed an ancient lich
 75109 | Depths:2 | Gained mutation: You are weak. (Str -2) [a neqoxec]
 75140 | D:15     | Gained mutation: You are very weak. (Str -4) [a cacodemon]
 75460 | D:$      | Escaped with the Orb!

Illustrated notes

Levels and vault maps discovered:
D:1:      heliophobic_arrival_henge, layout_basic
D:2:      layout_rooms, hellmonk_ecumenical_altar_heavens_door
D:3:      layout_basic, grunt_nemelex_the_gamble
D:4:      minmay_angry_zag, layout_rooms, lemuel_temple_firewalk_b
D:5:      layout_rooms, mainiacjoe_overflow_chevrons, enter_ossuary_1,
          minmay_mini_ossuary
D:6:      layout_cave_pods
D:7:      layout_loops_ring, enter_bailey_3, minmay_ruined_shrine
D:8:      layout_rooms, serial_shops, shop, uniq_pikel
D:9:      layout_loops_corners, dpeg_lair_monsters, david_orc_4
D:10:     layout_cave_pools, nicolae_overflow_crystal_walls
D:11:     layout_loops_ring, uniq_josephine, uniq_harold
D:12:     layout_roguey [special_room_orc], gammafunk_ghost_berserking_beasts,
          enter_trove_0, grunt_gozag_breadcrumbs
D:13:     layout_long_grid, serial_glass, glass_columns_b, glass_columns_a
D:14:     layout_rooms, grunt_vaults_entry_fortified, gauntlet_entry_generic,
          minmay_misc_feat_diagonals
D:15:     grunt_enter_depths_giant_problem, layout_rooms, serial_rivers,
          chequers_serial_rivers_marsh, chequers_serial_rivers_micro_c,
          chequers_serial_rivers_room_a, chequers_serial_rivers_micro_e,
          chequers_serial_rivers_room_a, chequers_serial_rivers_large_a,
          nicolae_ru_awakened_eye, uniq_kirke, uniq_roxanne, uniq_azrael
Temple:   mainiacjoe_temple_bowtie_tessellation
Lair:1:   layout_misc_corridors
Lair:2:   layout_chaotic_city, shoals_dummy_entry, dummy_spider_entry
Lair:3:   layout_regular_city, beast_lair_carwin_4, uniq_fannar, uniq_nergalle
Lair:4:   layout_hall_layers, chequers_serial_rivers_small_a,
          kennysheep_snail_temple, grunt_megastairs_5, serial_bayou_shore_b
Lair:5:   gammafunk_mikee_crab_dinner, layout_cave_pods, grunt_megastairs_3,
          lemuel_fruit_tree
Lair:6:   grunt_lair_end_beastmaster, layout_regular_city,
          minmay_slime_entry_jelly_boxes, enter_volcano_3, st_stairs_13,
          chequers_serial_rivers_room_a, serial_bayou_pond_c,
          kilobyte_rumbling_trees
Shoals:1: layout_shoals, yaktaur_hedge
Shoals:2: layout_shoals, serial_shops, nicolae_shop_trees
Shoals:3: layout_shoals, lemuel_altar_in_water
Shoals:4: shoals_end_grunt_garden, layout_shoals, serial_shops,
          nicolae_shop_stone
Spider:1: nicolae_spider_mines_1, uniq_rupert, uniq_jorgrun, uniq_nikola
Spider:2: layout_spider_delve
Spider:3: layout_spider_delve
Spider:4: grunt_spider_rune_parallel
Orc:1:    layout_caves, mines4_lemuel, uniq_maurice, uniq_sonja
Orc:2:    st_orc_town, layout_caves, portal_ice_cave_entry_pillars_1
Elf:1:    minmay_elf_arrival_plus, layout_loops_corners, mu_enter_wizlab_6,
          serial_shops, shop, nicolae_take_the_stairs, serial_aquarium,
          aquarium_bridge_square [aquarium_subvault_window,
          aquarium_subvault_bridge, aquarium_subvault_bridge,
          aquarium_subvault_window], aquarium_window_corridor_3,
          aquarium_window_1, aquarium_window_2, aquarium_window_corner,
          aquarium_view_2c, aquarium_view_2c, hex_medium, uniq_asterion
Elf:2:    nicolae_elf_blades_crystal_corner, layout_loops_cross,
          portal_desolation_entry_twin_temple, nicolae_elf_w_pinch, minivault_24
Elf:3:    minmay_elf_hall_four_x, layout_rooms, serial_shops, bzr_in_the_mist,
          ebering_ghost_inner_flame
Vaults:1: v_misc_13, vaults_room_door_ring, grunt_vaults_hallway_long,
          nicolae_vaults_network_s, vaults_room_grunt_arrival_ludios, v_misc_26,
          nicolae_vaults_ring_of_whatevers, vaults_room_pools,
          layout_vaults_quadrants, serial_shops, nicolae_shop_behind_doors
Vaults:2: st_eye, ontoclasm_vaults_loading_screen, v_misc_10,
          grunt_vaults_hallway_short, nicolae_vaults_network_barrier, v_misc_23,
          v_misc_15, v_misc_25, v_misc_23, nicolae_vaults_stairing_the_circle,
          dpeg_vaults_monster_box, v_misc_10, v_misc_10, layout_vaults_ring
Vaults:3: grunt_vaults_diagonal, nicolae_vaults_little_squares_6,
          ontoclasm_vaults_eye, nicolae_vaults_big_ls,
          nicolae_vaults_network_quinsquares
          [nicolae_vaults_network_quincunx_subvault,
          nicolae_vaults_network_quincunx_subvault,
          nicolae_vaults_network_quincunx_subvault,
          nicolae_vaults_network_quincunx_subvault],
          minmay_crypt_entry_simple_corners, nicolae_vaults_theta,
          nicolae_vaults_three_branches, vaults_room_fours,
          layout_vaults_big_room
Vaults:4: v_pattern_5, hangedman_vaults_snaps, v_misc_25, vaults_dpeg_doors,
          vaults_mumra_chevron_long, vaults_dpeg_hooks, hangedman_vaults_hat,
          ontoclasm_vaults_water_temple, vaults_room_ringed_pool,
          hangedman_vaults_river_flow, v_misc_26, ontoclasm_vaults_tryst,
          v_rooms_1, layout_vaults_omnibox, uniq_sojobo, uniq_xtahua
Vaults:5: uniq_margery
Crypt:1:  layout_regular_city, grunt_crypt_arrival_guarded_gate, uniq_saint_roka
Crypt:2:  layout_misc_corridors, hellmonk_ghost_big_iron,
          serial_sigils_hangedman_quiver, corner_web_ring, minivault_23,
          uniq_donald, uniq_jory, uniq_mara
Crypt:3:  grunt_crypt_end_deaths_head
Depths:1: layout_cave_pools, enter_ziggurat_f, grunt_hell_entry_demonic_statue,
          st_stairs_2, fountainhead, evilmike_butchery
Depths:2: hangedman_slaughterboxes, hell_entry, pan_entry, abyss_entry
Depths:3: minmay_bloctagon_deflated, layout_honeycomb, roderic_roman_lattice,
          abyss_entry, hell_entry, hangedman_decor_growths,
          serial_bayou_shore_b, minmay_staircase_statues
Depths:4: grunt_twist_and_shout, layout_basic, hell_entry, lemuel_round_altar
Zot:1:    layout_misc_corridors
Zot:2:    layout_cathedral_of_symmetry
Zot:3:    layout_concentric_octagons
Zot:4:    layout_misc_corridors, zot_minivault_4
Zot:5:    layout_misc_corridors

Skill      XL: |  1  2  3  4  5  6  7  8  9 10 11 12 13 14 15 16 17 18 19 20 21 22 23 24 25 26 27 |
---------------+----------------------------------------------------------------------------------+-----
Axes           | 3 4 6 7 8 9 12 14 16 18 20 | 20.5
Shields        | 4 6 9 12 14 15 17 | 17.2
Evocations     | 1 2 4 5 6 8 9 10 11 13 | 13.3
Invocations    | 6 10 12 15 17 19 20 21 22 24 25 26 27 | 27.0
Fighting       | 7 10 12 14 16 18 19 21 24 25 27 | 27.0
Armour         | 6 11 14 16 17 18 19 21 22 23 25 27 | 27.0
Dodging        | 3 5 6 9 |  9.3
Throwing       | 5 6 |  6.0

Action                   |  1- 3 |  4- 6 |  7- 9 | 10-12 | 13-15 | 16-18 | 19-21 | 22-24 | 25-27 || total
-------------------------+-------+-------+-------+-------+-------+-------+-------+-------+-------++-------
Melee: War axe           |    89 |   131 |   298 |       |       |       |       |       |       ||   518
       Broad axe         |       |       |    35 |   287 |   760 |   954 |  1355 |   512 |  1769 ||  5672
       Mace              |       |       |       |     2 |       |       |       |       |       ||     2
       Spear             |       |       |       |    12 |    13 |       |       |       |       ||    25
       Dagger            |       |       |       |     1 |     2 |       |       |       |       ||     3
       Falchion          |       |       |       |       |     7 |       |       |       |       ||     7
Throw: Dart              |       |     3 |    10 |    12 |    15 |     8 |     1 |     2 |     4 ||    55
       Stone             |       |       |     2 |       |       |       |       |       |       ||     2
       Javelin           |       |       |       |       |     1 |     1 |       |       |       ||     2
Invok: Smiting           |       |       |       |     6 |    24 |    19 |    32 |     4 |    16 ||   101
       Recall Orcish Fol |       |       |       |       |     4 |     3 |     5 |     1 |     1 ||    14
       Give Item to Name |       |       |       |       |     4 |     5 |     5 |     4 |     8 ||    26
       Stop Recall       |       |       |       |       |       |     2 |     4 |     1 |       ||     7
       Resurrection      |       |       |       |       |       |     1 |     1 |       |       ||     2
 Abil: Evoke Blink       |       |       |       |       |       |       |       |     1 |     3 ||     4
Evoke: Wand              |       |     5 |     6 |     2 |    23 |    28 |    11 |     1 |     4 ||    80
       Condenser vane    |       |       |       |       |     1 |     3 |     4 |       |     1 ||     9
       Tin of tremorston |       |       |       |       |       |       |     2 |       |     3 ||     5
       Phantom mirror    |       |       |       |       |       |       |     1 |       |       ||     1
       Piece from Xom's  |       |       |       |       |       |       |     1 |       |       ||     1
  Use: Scroll            |       |     6 |    13 |     4 |    16 |     1 |    13 |     1 |    17 ||    71
       Potion            |       |     2 |     2 |       |     4 |     3 |     8 |     3 |    10 ||    32
 Stab: Distracted        |       |       |     1 |     3 |     6 |     7 |    14 |    10 |     4 ||    45
       Petrified         |       |       |       |       |     7 |       |       |       |       ||     7
       Sleeping          |       |       |       |       |       |     4 |     3 |       |       ||     7
       Paralysed         |       |       |       |       |       |     1 |     1 |       |       ||     2
       Confused          |       |       |       |       |       |     1 |       |     1 |       ||     2
Armor: Scale mail        |    54 |       |       |       |       |       |       |       |       ||    54
       Chain mail        |       |   110 |   175 |   103 |   241 |   308 |   442 |   235 |   705 ||  2319
Dodge: Dodged            |    52 |    48 |   138 |   109 |   230 |   283 |   257 |   145 |   464 ||  1726
Block: Buckler           |    24 |    31 |    63 |    21 |       |       |       |       |       ||   139
       Kite shield       |       |       |       |    56 |   404 |   622 |   722 |   440 |  1081 ||  3325
       Reflection        |       |       |       |       |     6 |    53 |    29 |     3 |    16 ||   107

Table legend: (Time is in decaauts)
 A = Elapsed time spent in this place.
 B = Non-inter-level travel time spent in this place.
 C = Inter-level travel time spent in this place.
 D = Time resting spent in this place.
 E = Time spent auto-exploring this place.
 F = Levels seen in this place.
 G = Mean time per level.
                   A        B        C        D        E       F      G
               +--------+--------+--------+--------+--------+-----+--------+
         Total |  73861 |  65617 |   8244 |  23929 |  19767 |  61 | 1210.8 |
       Dungeon |  18450 |  14500 |   3950 |   4241 |   5979 |  15 | 1230.0 |
        Temple |      1 |      1 |      0 |      0 |      0 |   1 |    1.0 |
          Lair |   9026 |   7807 |   1219 |   2763 |   2849 |   6 | 1504.3 |
        Shoals |   4259 |   4074 |    185 |   1637 |    486 |   4 | 1064.8 |
   Spider Nest |   3216 |   3040 |    176 |    593 |   1248 |   4 |  804.0 |
  Orcish Mines |   1863 |   1489 |    374 |     47 |    837 |   2 |  931.5 |
   Elven Halls |   5260 |   4638 |    622 |   1792 |   1432 |   3 | 1753.3 |
        Vaults |  11952 |  10991 |    961 |   4646 |   2670 |   5 | 2390.4 |
         Crypt |   4149 |   3977 |    172 |   1341 |   1410 |   3 | 1383.0 |
        Depths |   6650 |   6189 |    461 |   2362 |   1954 |   4 | 1662.5 |
           Zot |   2091 |   1971 |    120 |   1176 |      0 |   5 |  418.2 |
        Bazaar |    120 |    120 |      0 |      0 |     60 |   1 |  120.0 |
         Trove |     55 |     55 |      0 |      0 |      5 |   1 |   55.0 |
       Ossuary |    417 |    417 |      0 |    115 |    127 |   1 |  417.0 |
        Bailey |    232 |    232 |      0 |     77 |      0 |   1 |  232.0 |
      Ice Cave |   1214 |   1214 |      0 |    719 |    159 |   1 | 1214.0 |
       Volcano |    689 |    689 |      0 |    383 |     79 |   1 |  689.0 |
        Wizlab |   1418 |   1418 |      0 |    573 |    310 |   1 | 1418.0 |
    Desolation |   1676 |   1676 |      0 |    843 |    158 |   1 | 1676.0 |
      Gauntlet |   1116 |   1116 |      0 |    618 |      4 |   1 | 1116.0 |
               +--------+--------+--------+--------+--------+-----+--------+

Top non-repeatable levels by time:
Vaults:5: 3846 daAuts
     D:9: 2324 daAuts
Depths:2: 2294 daAuts
Vaults:2: 2181 daAuts
Vaults:1: 2160 daAuts
     D:3: 1969 daAuts
  Lair:6: 1967 daAuts
Vaults:4: 1932 daAuts
   Elf:3: 1909 daAuts
    D:14: 1851 daAuts
Vaults:3: 1830 daAuts
    D:13: 1822 daAuts
  Lair:5: 1729 daAuts
   Elf:1: 1699 daAuts
Desolation: 1676 daAuts
